 Dungeon Crawl Stone Soup version 0.23.2-1-ga50397a6bc (webtiles) character file.

Game seed: 3971811393740539237

8646 Norn the Fighter (level 11, -2/81 (82) HPs)
             Began as an Octopode Wizard on May 4, 2019.
             Was an Elder of Sif Muna.
             Succumbed to a spiny frog's poison
             ... on level 9 of the Dungeon.
             The game lasted 01:01:15 (21954 turns).

Norn the Fighter (Octopode Wizard)                 Turns: 21954, Time: 01:01:15

HP:   -2/81 (82)    AC:  1    Str:  8    XL:     11   Next: 34%
MP:   8/21          EV: 15    Int: 23    God:    Sif Muna [****..]
Gold: 437           SH:  4    Dex: 10    Spells: 16/24 levels left

rFire    . . .     SeeInvis .   n - +2 dagger (venom)
rCold    . . .     Gourm    .   C - +0 buckler of Exclusion {Regen+} (curse)
rNeg     + . .     Faith    .   a - +0 hat
rPois    .         Spirit   .   (no amulet)
rElec    .         Reflect  .   i - ring of positive energy
rCorr    .         Harm     .   (no ring)
MR       .....                  (no ring)
Stlth    +++.......             (no ring)
HPRegen  0.63/turn              (no ring)
MPRegen  0.17/turn              (no ring)
                                (no ring)
                                (no ring)

@: lethally poisoned (-2 -> -23), very slightly contaminated, divine energy
A: almost no armour, stealthy swim, amphibious, 8 rings, constrict 8, camouflage
1, gelatinous body 1
a: Stop Divine Energy, Channel Magic, Forget Spell, Renounce Religion


You were on level 9 of the Dungeon.
You worshipped Sif Muna.
Sif Muna was greatly pleased with you.
You were hungry.

You visited 2 branches of the dungeon, and saw 11 of its levels.
You also visited: Sewer.

You collected 497 gold pieces.
You spent 60 gold pieces at shops.

Inventory:

Hand Weapons
 n - a +2 dagger of venom (weapon)
   (You found it on level 2 of the Dungeon)
 s - a +1 whip of electrocution
   (You took it off Pikel on level 5 of the Dungeon)
Armour
 a - a +0 hat (worn)
 C - the cursed +0 buckler of Exclusion (worn) {Regen+}
   (You found it on level 8 of the Dungeon)

   It increases your rate of regeneration.
   It has a curse placed upon it.
Magical Staves
 F - an uncursed staff of death
   (You found it on level 9 of the Dungeon)
Jewellery
 i - a ring of positive energy (left tentacle)
   (You found it on level 2 of the Dungeon)
 G - the ring of Compulsion {Wiz *Slow rN+ Dex+5}
   (You found it on level 10 of the Dungeon)

   [ring of wizardry]

   It improves your spell success rate.
   It affects your dexterity (+5).
   It protects you from negative energy.
   It may slow you when you take damage.
Wands
 c - a wand of disintegration (7)
   (You found it on level 4 of the Dungeon)
 v - a wand of digging (6)
   (You took it off Ijyb on level 3 of the Dungeon)
 x - a wand of acid (11)
   (You took it off an orc wizard on level 6 of the Dungeon)
 y - a wand of polymorph (13)
   (You took it off Blork the orc on level 5 of the Dungeon)
 D - a wand of enslavement (9)
   (You found it on level 9 of the Dungeon)
Scrolls
 b - 2 scrolls of identify {@r1}
 d - 2 scrolls of enchant weapon
 f - a scroll of fog
 g - 6 scrolls of remove curse {@r2}
 j - 2 scrolls of acquirement {unknown}
 l - 3 scrolls of magic mapping
 m - a scroll of enchant armour {unknown}
 o - 2 scrolls of immolation {unknown}
 u - 2 scrolls of amnesia
 A - a scroll of torment {unknown}
 E - a scroll of vulnerability {unknown}
Potions
 h - 3 potions of might
 k - 2 potions of brilliance
 p - a potion of heal wounds {@q2}
 q - 7 potions of curing {@q1}
 r - 3 potions of magic
 t - 2 potions of lignification {!q}
 w - a potion of agility
 z - 2 potions of flight
 B - a potion of haste {@q3}
 H - a potion of invisibility
Comestibles
 e - 21 rations {!d}


   Skills:
 + Level 10.4 Fighting
 - Level 5.0 Dodging
 - Level 2.6 Stealth
 - Level 4.0 Shields
 - Level 7.0 Spellcasting
 - Level 5.0 Conjurations
 + Level 6.6 Summonings
 - Level 4.0 Translocations
 - Level 3.0 Air Magic
 - Level 3.0 Poison Magic


You had 16 spell levels left.
You knew the following spells:

 Your Spells              Type           Power        Failure   Level  Hunger
a - Magic Dart            Conj           ####         1%          1    None
b - Blink                 Tloc           N/A          2%          2    None
f - Mephitic Cloud        Conj/Pois/Air  ####....     4%          3    None
x - Call Imp              Summ           #####...     1%          2    None

Your spell library contained the following spells:

 Spells                   Type           Power        Failure   Level  Hunger
 Sting                    Conj/Pois      ####         1%          1    None
 Poisonous Vapours        Pois/Air       ###...       3%          2    None
 Static Discharge         Conj/Air       ####....     4%          3    None
 Conjure Flame            Conj/Fire      ###.....     9%          3    None
 Slow                     Hex            #.......     12%         2    None
 Olgreb's Toxic Radiance  Pois           ###.....     22%         4    ###....
 Lightning Bolt           Conj/Air       ####......   38%         5    #####..
 Venom Bolt               Conj/Pois      ####......   38%         5    #####..
 Ignition                 Fire           #.........   100%        8    #######
 Shatter                  Erth           #.........   100%        9    #######
 Tornado                  Air            ###.......   100%        9    #######


Dungeon Overview and Level Annotations

Branches:
Dungeon (10/15)            Temple (0/1) D:5            Lair (1/6) D:9
    Orc (0/2) D:10

Altars:
Fedhas
Gozag
Kikubaaqudgha
Nemelex Xobeh
Okawaru
Ru
Sif Muna
Trog
Uskayaw
Vehumet
Yredelemnul
Zin
The Shining One

Shops:
D:9 !

Annotations:
D:8 exclusion: downstairs


Innate Abilities, Weirdness & Mutations

You cannot wear most types of armour.
You are very stealthy in the water. (Stealth+)
You are amphibious.
You can wear up to eight rings at the same time.
You can use your tentacles to constrict eight enemies at once.
Your skin changes colour to match your surroundings (Stealth+).
Your rubbery body absorbs attacks. (AC +1, EV +1)


Message History

You barely miss the spiny frog. You grab the spiny frog.
You squeeze the spiny frog, but do no damage.
You constrict the spiny frog.
You feel sick. The spiny frog stings you!
Your crimson imp hits the spiny frog.
You hit the spiny frog but do no damage.
You constrict the spiny frog, but do no damage.
You feel sick. The spiny frog misses you. The black bear barely misses you.
The black bear claws you. The black bear closely misses you.
Your crimson imp hits the black bear but does no damage.
Your crimson imp hits the spiny frog.
The spiny frog stings you!
You hit the spiny frog.
The spiny frog is poisoned.
You constrict the spiny frog, but do no damage.
You feel sick.
Your crimson imp hits the spiny frog.
The black bear barely misses you. The black bear claws you.
The black bear closely misses you. The spiny frog stings you!
* * * LOW HITPOINT WARNING * * *
You are more poisoned.
The spiny frog poisons you!
Your crimson imp hits the black bear but does no damage.
Your crimson imp hits the spiny frog but does no damage.
You release your grip on the spiny frog.
You feel sick.
Your crimson imp blinks!
The black bear closely misses your crimson imp.
The black bear claws your crimson imp.
The black bear closely misses your crimson imp.
Your crimson imp closely misses the spiny frog.
Your crimson imp hits the spiny frog.
You feel sick.
The black bear closely misses your crimson imp. x2
The black bear barely misses your crimson imp.
Your crimson imp hits the spiny frog but does no damage.
You feel sick.
Your crimson imp blinks!
The black bear bites your crimson imp but does no damage.
The black bear claws your crimson imp but does no damage. x2
The spiny frog stings you but does no damage.
Your crimson imp blinks!
You feel sick.
Your crimson imp closely misses the spiny frog.
There is a staircase back to the Dungeon, spattered with blood here.
You feel sick. The spiny frog stings you!!
* * * LOW HITPOINT WARNING * * *
You are more poisoned.
The spiny frog poisons you!
Your crimson imp hits the spiny frog.
The spiny frog closely misses you.
Your crimson imp blinks!
You climb upwards.
Welcome back to the Dungeon!
Your summoned ally is left behind.
You die...

..#....'...#...#....#....#....#..
..'....'...#........#....'....#..
..#....#...#.............#....#..
..#....#.......P..P..P...#....#..
###....#........P♣.......######..
.......#..................<(.....
.......#..P.^..P.......P.#'#.####
.......#..........♣......#.......
######.#.....P..@....P...#.......
.....#.##.......FP.......#.......
.....#...P...P......(....#.......
....>#..........P..P.P.###.......
.....####........................
.........#...........♣.######'###
.........#....♣..P.....#.........
.........#.............#.........
......<..#...#.........#.########


You could see a spiny frog.

Vanquished Creatures
  A tengu warrior (D:10)
  A deep elf mage (D:10)
  A komodo dragon (D:10)
  A hippogriff (D:10)
  4 yaks (D:9)
  A basilisk (D:9)
  4 porcupines
  4 orc warriors
  A black bear (D:9)
  2 necrophages
  A phantom (D:8)
  4 ogres
  3 centaurs
  4 wolves (D:9)
  2 crocodiles
  6 big kobolds (Sewer)
  2 bullfrogs
  A wyvern zombie (D:5)
  3 scorpions
  2 water moccasin skeletons
  7 wights
  3 howler monkeys
  3 jellies
  2 crimson imps
  A bullfrog zombie (D:9)
  A quasit (D:9)
  A gnoll shaman (D:5)
  8 orc wizards
  7 orc priests
  2 hounds
  3 centaur skeletons
  An iguana (D:8)
  8 worker ants
  A killer bee zombie (D:5)
  A hound zombie (D:6)
  A hound skeleton (D:8)
  6 gnolls
  16 adders
  A river rat (Sewer)
  A shadow imp (D:9)
  3 oozes
  5 adder skeletons
  3 worms
  3 dart slugs
  6 leopard geckos
  48 orcs
  2 ball pythons (Sewer)
  12 bats
  A bat zombie (D:3)
  9 giant cockroaches
  15 goblins
  11 hobgoblins
  14 jackals
  5 quokkas
  5 frilled lizards
  20 kobolds
  3 leopard gecko skeletons
  A leopard gecko zombie (D:7)
  15 rats
303 creatures vanquished.

Vanquished Creatures (collateral kills)
  Pikel (D:5)
  A troll (D:9)
  A hippogriff (D:8)
  A wyvern (D:9)
  A porcupine (Lair:1)
  A sky beast (D:5)
  An orc warrior (D:5)
  A slave (D:4)
  A centaur (D:9)
  A crocodile (D:9)
  2 big kobolds (Sewer)
  4 bullfrogs
  Blork the orc (D:5)
  3 wights
  A jelly (D:9)
  2 hounds
  2 orc priests
  3 orc wizards
  Crazy Yiuf (D:3)
  3 worker ants (D:4)
  Ijyb (D:3)
  2 iguanas
  2 gnolls
  3 adders
  2 worms
  A leopard gecko (D:8)
  13 orcs
  A bat (D:3)
  2 goblins
  2 hobgoblins
  2 jackals (D:3)
  A kobold (D:3)
64 creatures vanquished.

Vanquished Creatures (others)
  A slave (D:5)
  A dart slug (D:4)
  A frilled lizard (D:4)
  6 fungi (D:9)
  13 plants (D:9)
22 creatures vanquished.

Grand Total: 389 creatures vanquished

Notes
Turn   | Place    | Note
-------+----------+-------------------------------------------
     0 | D:1      | Norn the Octopode Wizard began the quest for the Orb.
     0 | D:1      | Reached XP level 1. HP: 11/11 MP: 4/4
   381 | D:1      | Reached XP level 2. HP: 18/18 MP: 4/6
   605 | D:1      | Reached skill level 1 in Fighting
   786 | D:1      | Reached XP level 3. HP: 13/23 MP: 0/7
  1401 | D:2      | Learned a level 2 spell: Call Imp
  1449 | D:2      | Found a sparkling altar of Nemelex Xobeh.
  1457 | D:2      | You fall through a shaft for 2 floors!
  1483 | D:3      | Found a runed translucent door.
  1484 | D:3      | Noticed Crazy Yiuf
  1661 | D:3      | Reached XP level 4. HP: 29/29 MP: 6/8
  1683 | D:3      | Learned a level 3 spell: Mephitic Cloud
  2293 | D:2      | Reached skill level 2 in Fighting
  2712 | D:2      | Found a sacrificial altar of Ru.
  2712 | D:2      | Found a bloodstained altar of Trog.
  2713 | D:2      | Found a hide-covered altar of Uskayaw.
  2737 | D:2      | Reached XP level 5. HP: 35/35 MP: 4/9
  2785 | D:2      | Found a deep blue altar of Sif Muna.
  2990 | D:2      | Became a worshipper of Sif Muna the Loreminder
  3596 | D:3      | Found a basalt altar of Yredelemnul.
  3606 | D:3      | Noticed Ijyb
  3621 | D:3      | Killed Ijyb
  3681 | D:3      | You fall through a shaft for 2 floors!
  3681 | D:5      | Entered Level 5 of the Dungeon
  3682 | D:5      | Noticed Pikel
  3684 | D:5      | Noticed a slave
  3694 | D:5      | Noticed a slave
  3776 | D:3      | Reached skill level 3 in Fighting
  4439 | D:3      | Found a faded altar of an unknown god.
  4473 | D:3      | Found an ancient bone altar of Kikubaaqudgha.
  4496 | D:3      | Reached XP level 6. HP: 42/42 MP: 7/10
  4633 | D:3      | Killed Crazy Yiuf
  4768 | D:4      | Reached skill level 1 in Air Magic
  4768 | D:4      | Reached skill level 1 in Poison Magic
  5113 | D:4      | Reached * piety under Sif Muna
  5836 | D:4      | Found a glowing golden altar of the Shining One.
  5850 | D:4      | Reached XP level 7. HP: 47/47 MP: 6/11
  6852 | D:5      | Reached skill level 4 in Fighting
  6867 | D:4      | HP: 2/48 [slave[Pikel] (9)]
  7041 | D:5      | Killed Pikel
  7041 | D:5      | Reached skill level 6 in Fighting
  7041 | D:5      | Reached XP level 8. HP: 58/58 MP: 10/12
  7049 | D:5      | Learned a level 2 spell: Blink
  7108 | D:5      | Found a staircase to the Ecumenical Temple.
  7232 | D:5      | Noticed Blork the orc
  7243 | D:5      | Killed Blork the orc
  7412 | D:5      | Found an iron altar of Okawaru.
  7747 | D:6      | Found a glowing drain.
  7761 | Sewer    | Entered a sewer
  7847 | Sewer    | Reached skill level 7 in Fighting
  8626 | Sewer    | Reached ** piety under Sif Muna
  8758 | Sewer    | Reached XP level 9. HP: 57/64 MP: 3/15
 10646 | D:6      | Reached skill level 8 in Fighting
 10972 | D:6      | Reached skill level 5 in Spellcasting
 11537 | D:7      | Found an opulent altar of Gozag.
 13336 | D:8      | Found a bloodstained altar of Trog.
 14060 | D:8      | Reached *** piety under Sif Muna
 14211 | D:8      | Reached XP level 10. HP: 72/72 MP: 2/18
 14906 | D:8      | Got a bloodstained buckler
 14981 | D:8      | Found a radiant altar of Vehumet.
 15085 | D:8      | Reached skill level 5 in Conjurations
 16065 | D:9      | Found Ublelano's Distillery.
 16212 | D:9      | Reached skill level 9 in Fighting
 16335 | D:9      | Found a blossoming altar of Fedhas.
 17231 | D:9      | Reached skill level 5 in Dodging
 18225 | D:9      | Found a staircase to the Lair.
 18523 | D:9      | Reached **** piety under Sif Muna
 18656 | D:9      | Found a glowing silver altar of Zin.
 18824 | D:9      | Reached skill level 5 in Summonings
 19235 | D:9      | Bought a potion of heal wounds for 60 gold pieces
 19420 | D:9      | Reached skill level 1 in Shields
 19713 | D:9      | Identified the cursed +0 buckler of Exclusion {Regen+} (You
                  | found it on level 8 of the Dungeon)
 19783 | D:10     | Entered Level 10 of the Dungeon
 19924 | D:10     | Found a staircase to the Orcish Mines.
 20108 | D:10     | Reached XP level 11. HP: 27/80 MP: 2/21
 20417 | D:10     | Noticed a deep elf mage
 20428 | D:10     | Killed a deep elf mage
 20428 | D:10     | Reached skill level 10 in Fighting
 20502 | D:10     | Got a coiled tin ring
 20503 | D:10     | Identified the ring of Compulsion {Wiz *Slow rN+ Dex+5}
                  | (You found it on level 10 of the Dungeon)
 21489 | D:10     | Noticed a tengu warrior
 21531 | D:10     | Killed a tengu warrior
 21883 | Lair:1   | Entered Level 1 of the Lair of Beasts
 21953 | Lair:1   | HP: 1/81 [spiny frog (21)]
 21954 | D:9      | Succumbed to a spiny frog's poison

Skill      XL: |  1  2  3  4  5  6  7  8  9 10 11 |
---------------+----------------------------------+-----
Conjurations   | 2 3 4 5 |  5.0
Fighting       | 1 2 3 6 7 8 9 10 | 10.4
Summonings     | 2 3 5 6 |  6.6
Air Magic      | 2 3 |  3.0
Poison Magic   | 2 3 |  3.0
Translocations | 3 4 |  4.0
Spellcasting   | 4 5 7 |  7.0
Dodging        | 4 5 |  5.0
Shields        | 3 4 |  4.0
Stealth        | |  2.6

Action                   |  1- 3 |  4- 6 |  7- 9 | 10-12 || total
-------------------------+-------+-------+-------+-------++-------
Melee: Unarmed           |    14 |     5 |       |       ||    19
       Constrict         |     6 |     2 |    28 |    30 ||    66
       Tentacles         |     1 |       |    16 |    28 ||    45
       Dagger            |       |     5 |   110 |   179 ||   294
 Cast: Magic Dart        |    84 |   189 |   445 |   374 ||  1092
       Call Imp          |       |    24 |    95 |    67 ||   186
       Mephitic Cloud    |       |       |     9 |     7 ||    16
Invok: Divine Energy     |       |     1 |       |       ||     1
Evoke: Wand              |       |       |     7 |    16 ||    23
  Use: Scroll            |       |       |    14 |     3 ||    17
       Potion            |       |       |     2 |       ||     2
 Stab: Sleeping          |       |       |     1 |       ||     1
       Distracted        |       |       |     1 |     1 ||     2
       Confused          |       |       |       |     2 ||     2
  Eat: Chunk             |     2 |    13 |    17 |    13 ||    45
       Ration            |       |       |     3 |     3 ||     6
Armor: Skin              |     7 |    12 |    16 |    11 ||    46
Dodge: Dodged            |    29 |    68 |   168 |   251 ||   516
Block: Buckler           |       |       |       |    30 ||    30
